 Dungeon Crawl Stone Soup version 0.25-a0-578-gc91f01c39c (console) character file.

Game seed: 5778642104392459006, levelgen mode: deterministic

101 Flugkiller the Firebug (level 4, 0/48 HPs)
             Began as a Gnoll Fire Elementalist on Mar 6, 2020.
             Was an Initiate of Cheibriados.
             Slain by an iguana (5 damage)
             ... on level 3 of the Dungeon.
             The game lasted 00:08:24 (2298 turns).

Flugkiller the Firebug (Gnoll Fire Elementalist)    Turns: 2298, Time: 00:08:24

Health: 0/48       AC: 22    Str: 11    XL:     4   Next: 75%
Magic:  4/11       EV:  2    Int: 19    God:    Cheibriados [......]
Gold:   80         SH:  0    Dex: 17    Spells: 9/13 levels left

rFire    . . .     SeeInvis .   g - staff of energy
rCold    . . .     Gourm    .   (no shield)
rNeg     + + +     Faith    .   (armour currently unavailable)
rPois    +         Spirit   .   (helmet currently unavailable)
rElec    .         Reflect  .   (cloak currently unavailable)
rCorr    .         Harm     .   (gloves currently unavailable)
MR       .....     NoTele   +   (boots currently unavailable)
Stlth    +++.......             (no amulet)
HPRegen  0.16/turn              (no ring)
MPRegen  0.12/turn              (no ring)

@: tree-form, very slow
A: distributed training, strong nose
a: Bend Time, Renounce Religion


You were on level 3 of the Dungeon.
You worshipped Cheibriados.
Cheibriados was noncommittal.
You were very hungry.
You were a tree.
You visited 1 branch of the dungeon, and saw 3 of its levels.

You collected 80 gold pieces.

Inventory:

Armour
 a - a +0 robe (melded)
 e - a +0 helmet (melded)
   (You found it on level 2 of the Dungeon)
Magical Staves
 g - an uncursed staff of energy (weapon)
   (You found it on level 2 of the Dungeon)
Jewellery
 h - an uncursed ring of magical power {unknown}
   (You found it on level 1 of the Dungeon)
 i - an uncursed ring of protection from fire {unknown}
   (You found it on level 1 of the Dungeon)
Scrolls
 f - a scroll of immolation {unknown}
Comestibles
 c - 5 rations


   Skills:
 + Level 1.2 Fighting
 + Level 1.2 Short Blades
 + Level 1.2 Long Blades
 + Level 1.2 Axes
 + Level 1.2 Maces & Flails
 + Level 1.2 Polearms
 + Level 1.2 Staves
 + Level 1.2 Slings
 + Level 1.2 Bows
 + Level 1.2 Crossbows
 + Level 1.2 Throwing
 + Level 1.2 Armour
 + Level 4.7 Dodging
 + Level 4.3 Stealth
 + Level 1.2 Shields
 + Level 1.2 Unarmed Combat
 + Level 5.1 Spellcasting
 + Level 2.3 Conjurations
 + Level 1.0 Hexes
 + Level 1.0 Charms
 + Level 1.0 Summonings
 + Level 1.0 Necromancy
 + Level 1.0 Translocations
 + Level 1.0 Transmutations
 + Level 5.5 Fire Magic
 + Level 1.0 Ice Magic
 + Level 1.0 Air Magic
 + Level 1.0 Earth Magic
 + Level 1.0 Poison Magic
 + Level 1.3 Invocations
 + Level 1.2 Evocations


You had 9 spell levels left.
You knew the following spells:

 Your Spells              Type           Power        Failure   Level  Hunger
a - Foxfire               Conj/Fire      ###.         2%          1    None
b - Conjure Flame         Conj/Fire      ###.....     8%          3    None

Your spell library contained the following spells:

 Spells                   Type           Power        Failure   Level  Hunger
 Inner Flame              Hex/Fire       ###.....     10%         3    None
 Sticky Flame             Conj/Fire      ###.....     24%         4    None
 Fireball                 Conj/Fire      ###.......   56%         5    None


Dungeon Overview and Level Annotations

Branches:
Dungeon (3/15)

Altars:
Cheibriados
Gozag
Hepliaklqana
Makhleb
The Shining One


Innate Abilities, Weirdness & Mutations

Your experience applies equally to all skills.
((You have very sharp teeth.))
Your uncanny sense of smell can sniff out nearby items.


Message History

Confirm with . or Enter, or press ? or * to list all spells.
You conjure some foxfire!
The leopard gecko barely misses you. The leopard gecko bites you.
The iguana bites you!
* * * LOW HITPOINT WARNING * * *
Okay, then.
Casting: Foxfire (safe; 2% risk of failure)
Confirm with . or Enter, or press ? or * to list all spells.
Nothing appears to happen.
The foxfire hits the iguana.
The iguana is almost dead.
The foxfire hits the iguana but does no damage.
The iguana is almost dead.
The leopard gecko bites you.
* * * LOW HITPOINT WARNING * * *
The iguana bites you!
* * * LOW HITPOINT WARNING * * *
Unknown command.
It was a potion of curing.
You feel better. The leopard gecko misses you. The iguana bites you.
* * * LOW HITPOINT WARNING * * *
Press: ? - help, v - describe, . - travel
Here: an iguana (almost dead)
The floor.
Unknown command.
Evoke which item? (* to show all) (? for menu, Esc to quit)
Okay, then.
It was a potion of lignification.
You turn into a tree.
Your +0 helmet melds into your body.
Your +0 robe melds into your body.
Your roots penetrate the ground.
The leopard gecko bites you but does no damage.
The iguana bites you but does no damage.
Casting: Foxfire (safe; 2% risk of failure)
Confirm with . or Enter, or press ? or * to list all spells.
You conjure some foxfire!
The leopard gecko bites you but does no damage.
The iguana bites you but does no damage.
Unknown command.
You hit the iguana but do no damage.
The iguana is almost dead.
The foxfire hits the iguana but does no damage.
The iguana is almost dead.
The foxfire hits the iguana.
The iguana is almost dead.
The leopard gecko bites you but does no damage. x2
The iguana bites you but does no damage.
Casting: Foxfire (safe; 2% risk of failure)
Confirm with . or Enter, or press ? or * to list all spells.
You conjure some foxfire!
The leopard gecko bites you but does no damage.
The iguana bites you.
You die...

#.... #.#.#
#.#.# #.#.# ####
.######
#<.##.....
>.l....###....#
#$#..#######
######.vvl......
........l♣###.##
###########


You could see an iguana and a leopard gecko.

Vanquished Creatures
  5 adders (D:2)
  A gnoll (D:2)
  2 worms (D:2)
  A leopard gecko (D:2)
  2 giant cockroaches
  6 goblins
  2 hobgoblins (D:1)
  A quokka (D:2)
  4 bats
  6 frilled lizards (D:2)
  7 kobolds
  6 rats
43 creatures vanquished.

Vanquished Creatures (others)
  113 foxfires
113 creatures vanquished.

Grand Total: 156 creatures vanquished

Notes
Turn   | Place    | Note
-------+----------+-------------------------------------------
     0 | D:1      | Flugkiller the Gnoll Fire Elementalist began the quest for
                  | the Orb.
     0 | D:1      | Reached XP level 1. HP: 13/13 MP: 6/6
   401 | D:1      | Reached XP level 2. HP: 19/19 MP: 3/7
  1189 | D:2      | Reached skill level 5 in Spellcasting
  1189 | D:2      | Reached XP level 3. HP: 25/25 MP: 4/9
  1303 | D:2      | Reached skill level 1 in Invocations
  1334 | D:2      | Learned a level 3 spell: Conjure Flame
  1351 | D:2      | Reached skill level 1 in Fighting
  1351 | D:2      | Reached skill level 1 in Short Blades
  1351 | D:2      | Reached skill level 1 in Long Blades
  1351 | D:2      | Reached skill level 1 in Axes
  1351 | D:2      | Reached skill level 1 in Maces & Flails
  1351 | D:2      | Reached skill level 1 in Polearms
  1351 | D:2      | Reached skill level 1 in Staves
  1351 | D:2      | Reached skill level 1 in Slings
  1351 | D:2      | Reached skill level 1 in Bows
  1351 | D:2      | Reached skill level 1 in Crossbows
  1351 | D:2      | Reached skill level 1 in Throwing
  1351 | D:2      | Reached skill level 1 in Armour
  1351 | D:2      | Reached skill level 1 in Shields
  1351 | D:2      | Reached skill level 1 in Unarmed Combat
  1351 | D:2      | Reached skill level 1 in Evocations
  1351 | D:2      | Reached XP level 4. HP: 27/32 MP: 6/11
  1728 | D:2      | Reached skill level 1 in Hexes
  1728 | D:2      | Reached skill level 1 in Charms
  1728 | D:2      | Reached skill level 1 in Summonings
  1728 | D:2      | Reached skill level 1 in Necromancy
  1728 | D:2      | Reached skill level 1 in Translocations
  1728 | D:2      | Reached skill level 1 in Transmutations
  1728 | D:2      | Reached skill level 1 in Ice Magic
  1728 | D:2      | Reached skill level 1 in Air Magic
  1728 | D:2      | Reached skill level 1 in Earth Magic
  1728 | D:2      | Reached skill level 1 in Poison Magic
  2115 | D:2      | Found a snail-covered altar of Cheibriados.
  2115 | D:2      | Found a hazy altar of Hepliaklqana.
  2121 | D:2      | Found an opulent altar of Gozag.
  2124 | D:2      | Found a glowing golden altar of the Shining One.
  2125 | D:2      | Found a burning altar of Makhleb.
  2175 | D:2      | Became a worshipper of Cheibriados the Contemplative
  2298 | D:3      | Slain by an iguana

Levels and vault maps discovered:
D:1:      tarquinn_simple_flora_water_a, layout_basic
D:2:      layout_basic, chequers_temple_overflow_minitemple, minmay_quantized
D:3:      layout_loops_ring, lemuel_doored_altar,
          amethyst_overflow_temple_binary, uniq_natasha

Skill      XL: |  1  2  3  4 |
---------------+-------------+-----
Conjurations   | 2 |  2.3
Spellcasting   | 5 |  5.1
Invocations    | 1 |  1.3
Fighting       | 1 |  1.2
Short Blades   | 1 |  1.2
Long Blades    | 1 |  1.2
Axes           | 1 |  1.2
Maces & Flails | 1 |  1.2
Polearms       | 1 |  1.2
Staves         | 1 |  1.2
Slings         | 1 |  1.2
Bows           | 1 |  1.2
Crossbows      | 1 |  1.2
Throwing       | 1 |  1.2
Armour         | 1 |  1.2
Shields        | 1 |  1.2
Unarmed Combat | 1 |  1.2
Evocations     | 1 |  1.2
Hexes          | 1 |  1.0
Charms         | 1 |  1.0
Summonings     | 1 |  1.0
Necromancy     | 1 |  1.0
Translocations | 1 |  1.0
Transmutations | 1 |  1.0
Ice Magic      | 1 |  1.0
Air Magic      | 1 |  1.0
Earth Magic    | 1 |  1.0
Poison Magic   | 1 |  1.0
Dodging        | |  4.7
Stealth        | |  4.3
Fire Magic     | |  5.5

Action                   |  1- 3 |  4- 6 || total
-------------------------+-------+-------++-------
Melee: Unarmed           |     7 |       ||     7
       Bite              |     1 |       ||     1
       Staff             |       |     2 ||     2
 Cast: Foxfire           |    37 |    40 ||    77
       Conjure Flame     |       |     1 ||     1
  Use: Potion            |     2 |     2 ||     4
  Eat: Chunk             |     1 |     2 ||     3
Armor: Skin              |       |     8 ||     8
       Robe              |       |     4 ||     4
Dodge: Dodged            |    18 |     7 ||    25

Table legend:
 A = Non-vault XP
 B = Vault XP
 C = Vault XP percentage of total XP
 D = Non-vault monster count
 E = Vault monster count
 F = Vault count percentage of total count
                 A         B        C        D         E       F
            +---------+---------+-------+---------+---------+-------
      Total |     100 |      45 |  31.0 |      37 |       6 |  14.0
            +---------+---------+-------+---------+---------+-------
        D:1 |      20 |       0 |   0.0 |      13 |       0 |   0.0
        D:2 |      80 |      45 |  36.0 |      24 |       6 |  20.0
            +---------+---------+-------+---------+---------+-------
